 Dungeon Crawl Stone Soup version 0.26-a0-812-g31a745ddcd (webtiles) character file.

Game seed: 1092313156876815897

189 kae the Ruffian (level 5, 0/41 HPs)
             Began as a Draconian Transmuter on Dec 1, 2020.
             Slain by a lemure (1 damage)
             ... led by Pikel
             ... on level 4 of the Dungeon.
             The game lasted 00:02:35 (4302 turns).

kae the Ruffian (Draconian Transmuter)              Turns: 4302, Time: 00:02:36

Health: 0/41       AC:  6    Str: 13    XL:     5   Next: 40%
Magic:  4/8        EV: 12    Int: 13    God:
Gold:   189        SH:  0    Dex: 12    Spells: 5/9 levels left

rFire    . . .     SeeInvis .     - Unarmed
rCold    . . .     Faith    .   (no shield)
rNeg     . . .     Spirit   .   (armour unavailable)
rPois    .         Reflect  .   (helmet restricted)
rElec    .         Harm     .   q - +0 cloak
rCorr    .         Rampage  .   (no gloves)
MR       .....                  (no boots)
Stlth    +.........             (no amulet)
HPRegen  0.13/turn              (no ring)
MPRegen  0.11/turn              (no ring)

@: attractive, very slightly contaminated, hasted, very quick
A: unfitting armour, cold-blooded, AC +5
a: no special abilities


You were on level 4 of the Dungeon.
You visited 1 branch of the dungeon, and saw 4 of its levels.

You collected 189 gold pieces.

Inventory:

Armour
 q - a +0 cloak (worn)
Jewellery
 c - an uncursed amulet of magic regeneration
 j - a cursed amulet of inaccuracy {unknown}
 l - an uncursed ring of resist corrosion {unknown}
 n - an uncursed amulet of reflection {unknown}
Wands
 o - a wand of flame (11)
 p - a wand of digging (4)
Scrolls
 b - 4 scrolls of teleportation {unknown}
 d - a scroll of magic mapping {unknown}
 g - 3 scrolls of remove curse
 i - 2 scrolls of identify
 m - a scroll of random uselessness {unknown}
Potions
 a - 2 potions of cancellation
 e - a potion of brilliance
 f - 3 potions of curing
 r - a potion of lignification


   Skills:
 + Level 2.1 Fighting
 + Level 2.3 Dodging
 * Level 4.0 Unarmed Combat
 + Level 2.5 Spellcasting
 * Level 3.2 Transmutations
 * Level 1.7 Poison Magic


You had 5 spell levels left.
You knew the following spells:

 Your Spells              Type           Power        Failure   Level
a - Beastly Appendage     Tmut           ##....       6%          1
b - Spider Form           Tmut/Pois      #.........   26%         3

Your spell library contained the following spells:

 Spells                   Type           Power        Failure   Level
 Wereblood                Tmut           ##......     10%         2
 Ice Form                 Ice/Tmut       #.......     77%         4
 Blade Hands              Tmut           ##........   86%         5


Dungeon Overview and Level Annotations

Branches:
Dungeon (4/15)
 Temple: D:4-7

Altars:

Annotations:
D:2 Sigmund
D:4 Pikel


Innate Abilities, Weirdness & Mutations

Your plain brown scales are hard. (AC +5)
You cannot fit into any form of body armour.
You are cold-blooded and may be slowed by cold attacks.


Message History

Pikel is pulled toward you! The lemure is pulled toward you!
Pikel hits you with a +2 whip of freezing.
* * * LOW HITPOINT WARNING * * *
Pikel freezes you.
* * * LOW HITPOINT WARNING * * *
Pikel is pulled toward you! The lemure is pulled toward you!
There is an open door here.
Pikel is pulled toward you! The lemure is pulled toward you!
Pikel barely misses you. Pikel is pulled toward you!
The lemure is pulled toward you! x2
Pikel hits you with a +2 whip of freezing.
* * * LOW HITPOINT WARNING * * *
You feel yourself slow down. Pikel freezes you.
* * * LOW HITPOINT WARNING * * *
Pikel is pulled toward you! The lemure is pulled toward you! x2
Pikel hits you but does no damage.
There is a stone staircase leading up here.
You feel yourself speed up. The lemure is pulled toward you!
The lemure hits you.
You die...

###.##...#
........#######
#........#......
#........#......
#........#......
#........###'###
#..##...##.....
###########..##...##.....
........@.#..............
.......5K5#..............
........5.#.......##.....
.##....5.##.†.....##+####
######'###.......##
.........55........+
.........5#........#
..........#........#
.##......##.......##


You could see Pikel and 4 lemures.

Vanquished Creatures
  Crazy Yiuf (D:3)
  Ijyb (D:3)
  4 adders
  An ooze (D:1)
  2 worms (D:2)
  2 dart slugs (D:2)
  2 leopard geckos (D:3)
  2 orcs (D:3)
  2 ball pythons
  11 goblins
  10 hobgoblins
  12 jackals
  3 quokkas
  8 bats
  2 frilled lizards
  5 kobolds
  8 rats
76 creatures vanquished.

Notes
Turn   | Place    | Note
-------+----------+-------------------------------------------
     0 | D:1      | kae the Draconian Transmuter began the quest for the Orb.
     0 | D:1      | Reached XP level 1. HP: 16/16 MP: 3/3
   311 | D:1      | Reached XP level 2. HP: 22/23 MP: 5/5
   897 | D:1      | Reached XP level 3. HP: 26/28 MP: 6/6
   918 | D:1      | Learned a level 3 spell: Spider Form
  2006 | D:2      | Reached XP level 4. HP: 36/36 MP: 5/7
  2340 | D:2      | Reached skill level 1 in Poison Magic
  2631 | D:2      | Noticed Sigmund
  3656 | D:3      | Noticed Ijyb
  3670 | D:3      | Killed Ijyb
  3670 | D:3      | Reached XP level 5. HP: 18/41 MP: 2/8
  3852 | D:3      | Found a runed translucent door.
  3853 | D:3      | Noticed Crazy Yiuf
  3865 | D:3      | Killed Crazy Yiuf
  3865 | D:3      | Reached skill level 4 in Unarmed Combat
  4271 | D:4      | Noticed a lemure
  4272 | D:4      | Noticed Pikel
  4272 | D:4      | Noticed a lemure
  4272 | D:4      | Noticed a lemure
  4274 | D:4      | Noticed a lemure
  4300 | D:4      | HP: 2/41 [Pikel/+2 whip of freezing (2)]
  4302 | D:4      | Slain by a lemure

Illustrated notes

Levels and vault maps discovered:
D:1:      roderic_octagonal_star, layout_basic, kennysheep_minor_cross,
          minmay_unequal
D:2:      layout_basic, uniq_sigmund, uniq_robin
D:3:      layout_loops_ring, uniq_crazy_yiuf_cottage, uniq_ijyb
D:4:      layout_gridville, uniq_eustachio, uniq_pikel, uniq_grinder

Skill      XL: |  1  2  3  4  5 |
---------------+----------------+-----
Dodging        | 2 |  2.3
Poison Magic   | 1 |  1.7
Transmutations | 3 |  3.2
Fighting       | 2 |  2.1
Unarmed Combat | 4 |  4.0
Spellcasting   | |  2.5

Action                   |  1- 3 |  4- 6 || total
-------------------------+-------+-------++-------
Melee: Unarmed           |   116 |   132 ||   248
       Tailslap          |    13 |    12 ||    25
       Kick              |    14 |    10 ||    24
       Headbutt          |    10 |     8 ||    18
       Punch             |     1 |       ||     1
 Cast: Beastly Appendage |    21 |    16 ||    37
       Spider Form       |       |     3 ||     3
  Use: Potion            |     1 |     3 ||     4
       Scroll            |       |     5 ||     5
 Stab: Sleeping          |     1 |       ||     1
Armor: Skin              |    55 |    25 ||    80
Dodge: Dodged            |    97 |    92 ||   189

Table legend: (Time is in decaauts)
 A = Elapsed time spent in this place.
 B = Non-inter-level travel time spent in this place.
 C = Inter-level travel time spent in this place.
 D = Time resting spent in this place.
 E = Time spent auto-exploring this place.
 F = Levels seen in this place.
 G = Mean time per level.
                   A        B        C        D        E       F      G
               +--------+--------+--------+--------+--------+-----+--------+
         Total |   4281 |   4074 |    207 |     28 |   3466 |   4 | 1070.2 |
       Dungeon |   4281 |   4074 |    207 |     28 |   3466 |   4 | 1070.2 |
               +--------+--------+--------+--------+--------+-----+--------+

Top non-repeatable levels by time:
     D:2: 1510 daAuts
     D:3: 1413 daAuts
     D:1: 1294 daAuts
     D:4: 62 daAuts
